 Dungeon Crawl Stone Soup version 0.32-a0-673-g3729bd50f8 (webtiles) character file.

Game seed: 9434617949838159238

641 ezpacito the Chopper (level 7, -1/55 HPs)
             Began as a Coglin Chaos Knight on Mar 10, 2024.
             Was a Plaything of Xom.
             Engulfed by Sigmund the death drake's foul pestilence (11 damage)
             ... on level 5 of the Dungeon.
             The game lasted 00:04:44 (2657 turns).

ezpacito the Chopper (Coglin Chaos Knight)          Turns: 2657, Time: 00:04:45

Health: -1/55      AC: 11    Str: 14    XL:     7   Next: 51%
Magic:  9/9        EV:  7    Int: 10    God:    Xom [......]
Gold:   253        SH:  0    Dex: 13    Spells: 2/9 levels left

rFire   . . .        a - +0 hand axe (chaos) {Hong}
rCold   . . .        r - +0 trident {Sanghe}
rNeg    . . .        t - +0 chain mail
rPois   .            (no helmet)
rElec   .            k - +0 cloak
rCorr   .            (no gloves)
SInv    .            f - +0 pair of boots
Will    .....        (amulet unavailable) Stlth
                     (ring unavailable)
HPRegen 0.29/turn    (ring unavailable)
MPRegen 0.11/turn    (no gizmo)

%: no passive effects
@: lethally poisoned (-1 -> -76), revved
A: off-hand wielding, slow wielding, warmup strikes, no jewellery, dopey 1,
sense surroundings 1
a: Invent Gizmo, Renounce Religion


You were on level 5 of the Dungeon.
You worshipped Xom.
You were a very special plaything of Xom.
You visited 1 branch of the dungeon, and saw 5 of its levels.

You collected 253 gold pieces.

Inventory:

Hand Weapons
 a - a +0 hand axe of chaos (weapon) {Hong}
 d - a +0 war axe
 p - a +2 hand axe of draining
 r - a +0 trident (offhand) {Sanghe}
Missiles
 m - 2 boomerangs (quivered)
Armour
 f - a +0 pair of boots (worn)
 k - a +0 cloak (worn)
 t - a +0 chain mail (worn)
 x - a +0 pair of gloves
Magical Staves
 c - a staff of cold
Wands
 e - a wand of charming (4)
 w - a wand of flame (32)
Scrolls
 b - a scroll of poison
 j - a scroll of summoning {unknown}
 l - a scroll of teleportation {unknown}
 n - a scroll of silence
 o - a scroll of revelation {unknown}
 s - a scroll of vulnerability {unknown}
 y - a scroll of amnesia {unknown}
Potions
 g - a potion of enlightenment
 h - 2 potions of haste
 i - a potion of heal wounds {unknown}
 q - 2 potions of curing
 v - a potion of resistance {unknown}


   Skills:
 * Level 4.4 Fighting
 * Level 4.4(4.7) Axes
 + Level 2.1(3.3) Polearms
 * Level 3.3 Armour
 * Level 2.8 Dodging
 + Level 1.7 Stealth
 + Level 1.6 Spellcasting
 + Level 0.4 Necromancy
 + Level 0.6 Alchemy
 + Level 0.8 Evocations


You had 2 spell levels left.
You knew the following spells:

 Your Spells              Type           Power      Damage    Failure   Level
a - Shock                 Conj/Air       0%         1d3       99%         1
b - Cigotuvi's Dreadful   Necr/Alch/Air  2%         N/A       100%        2
c - Ignite Poison         Fire/Alch      1%         N/A       100%        4

Your spell library contained the following spells:

 Spells                   Type           Power      Damage    Failure   Level
 Summon Ice Beast         Ice/Summ       0%         N/A       100%        3
 Swiftness                Air            0%         N/A       100%        3
 Airstrike                Air            0%         2d(0-16)  100%        4
 Freezing Cloud           Conj/Ice/Air   0%         6-21      100%        5
 Summon Mana Viper        Hex/Summ       0%         N/A       100%        5
 Monstrous Menagerie      Summ           0%         N/A       100%        7


Dungeon Overview and Level Annotations

Branches:
Dungeon (5/15)
 Temple: D:4-7

Altars:
Nemelex Xobeh

Annotations:
D:5 Sigmund


Innate Abilities, Weirdness & Mutations

You can wield a second weapon in your off-hand.
It takes a long time for you to wield or remove held weapons.
Your first few attacks do less damage.
You cannot equip rings or amulets.
You are dopey. (Int -2)
You passively map a small area around you.


Message History

The adder is heavily wounded.
You completely miss the adder with your +0 hand axe of chaos.
You feel sick. The adder bites you but does no damage.
Sigmund barely misses you.
You take 1 damage, and have 38/55 hp.
You barely miss the adder with your +0 hand axe of chaos.
The adder is almost dead.
You hit the adder but do no damage.
You feel sick.
You are no longer poisoned.
The adder bites you but does no damage.
You take 1 damage, and have 37/55 hp.
You are too injured to fight recklessly!
Xom's power touches on a nearby monster.
Sigmund evaporates and reforms as a death drake!
The adder barely misses you. The adder bites you. Sigmund bites you.
You take 8 damage, and have 29/55 hp.
You hit Sigmund but do no damage.
Sigmund is lightly wounded.
You hit the adder with your +0 hand axe of chaos.
You kill the adder!
You barely miss Sigmund with your +0 trident.
Sigmund breathes miasma at you. The foul vapour engulfs you.
You are lethally poisoned!
You take 1 damage, and have 28/55 hp.
The air fills with toxic fumes!
As you read the scroll labelled VIEREV LIT, it crumbles to dust.
It was a scroll of poison.
You are engulfed in dark miasma.
You are more poisoned.
* * * LOW HITPOINT WARNING * * *
You feel extremely sick. Sigmund bites you.
* * * LOW HITPOINT WARNING * * *
You take 18 damage, and have 10/55 hp.
MASSIVE DAMAGE!!
As you read the scroll labelled KAIM XINTY, it crumbles to dust.
You hear a loud clanging noise!
It was a scroll of noise.
You are engulfed in dark miasma.
You are more poisoned.
You die...
Xom roars with laughter!

.....#.####.#
#...........#
#........#..#
#...#..#.#..#####
##....#..#....§§#
########.#.####§#
#....#...#.# #°#
#.##.#.###.#
#°### ..##.#.#
#[# #°@°#
####.#.# #.*
#°#k# #.#.# #.
#°.°# #...# #.
,*#°### ##### #§#
§§# ###


You could see Sigmund the death drake (catching breath).

Vanquished Creatures
  A cane toad (D:3)
  A hound (D:4)
  3 orc priests (D:5)
  An iguana (D:4)
  Ijyb (D:3)
  3 gnolls (D:3)
  6 adders
  A dart slug (D:2)
  7 orcs
  6 ball pythons
  7 endoplasms
  2 giant cockroaches
  8 goblins
  13 hobgoblins
  5 jackals
  3 kobolds
  4 quokkas
  8 bats
  3 frilled lizards
  10 rats
93 creatures vanquished.

Vanquished Creatures (others)
  A quokka zombie (D:2)
1 creature vanquished.

Grand Total: 94 creatures vanquished

Notes
Turn   | Place    | Note
-------+----------+-------------------------------------------
     0 | D:1      | ezpacito the Coglin Chaos Knight began the quest for the
                  | Orb.
     0 | D:1      | Reached XP level 1. HP: 18/18 MP: 1/1
   188 | D:1      | Reached skill level 1 in Dodging
   266 | D:1      | Reached XP level 2. HP: 24/24 MP: 2/2
   473 | D:1      | XOM: potion effect (might)
   561 | D:1      | Reached XP level 3. HP: 29/29 MP: 3/3
   663 | D:1      | XOM: noise
   733 | D:2      | XOM: stealth player
   801 | D:2      | XOM: divination: magic mapping
   875 | D:2      | Reached XP level 4. HP: 28/35 MP: 4/4
   897 | D:2      | XOM: cloud trail
  1171 | D:2      | Reached skill level 1 in Polearms
  1487 | D:3      | a frilled lizard changed into a cane toad
  1487 | D:3      | Noticed a cane toad
  1487 | D:3      | XOM: polymorph frilled lizard -> cane toad
  1488 | D:3      | XOM: silly message
  1497 | D:3      | XOM: 1-stop teleportation journey
  1511 | D:3      | XOM: confusion (+ monsters)
  1517 | D:3      | XOM: give mutations
  1517 | D:3      | Gained mutation: You passively map a small area around you.
                  | [Xom's mischief]
  1517 | D:3      | Gained mutation: You are dopey. (Int -2) [Xom's mischief]
  1523 | D:3      | Killed a cane toad
  1524 | D:3      | Reached skill level 1 in Stealth
  1524 | D:3      | Reached skill level 1 in Spellcasting
  1524 | D:3      | Reached XP level 5. HP: 32/42 MP: 6/6
  1524 | D:3      | Reached XP level 6. HP: 36/48 MP: 7/7
  1754 | D:3      | Reached XP level 7. HP: 47/54 MP: 8/8
  1821 | D:3      | Noticed Ijyb
  1833 | D:3      | Killed Ijyb
  1849 | D:3      | Found a sparkling altar of Nemelex Xobeh.
  1949 | D:3      | Learned a level 1 spell: Shock
  1952 | D:3      | Learned a level 2 spell: Cigotuvi's Dreadful Rot
  1957 | D:3      | Learned a level 4 spell: Ignite Poison
  2425 | D:5      | Entered Level 5 of the Dungeon
  2641 | D:5      | Noticed Sigmund
  2646 | D:5      | XOM: blink monster(s)
  2654 | D:5      | Sigmund changed into Sigmund the death drake
  2654 | D:5      | Noticed Sigmund
  2654 | D:5      | XOM: polymorph Sigmund -> Sigmund the death drake
  2657 | D:5      | Engulfed by Sigmund the death drake's foul pestilence

Illustrated notes

Levels and vault maps discovered:
D:1:      psy_arrival_statuary, layout_loops_cross
D:2:      cheibrodos_greedy_goblins, layout_basic, kennysheep_generic_room_11
D:3:      layout_rooms, old_standard_altar, uniq_ijyb
D:4:      layout_basic
D:5:      layout_basic, serial_shops, nicolae_shop_trees, uniq_sigmund,
          uniq_grinder

Skill      XL: |  1  2  3  4  5  6  7 |
---------------+----------------------+-----
Dodging        | 1 2 |  2.8
Armour         | 2 3 |  3.3
Polearms       | 1 2 |  2.1
Fighting       | 4 |  4.4
Axes           | 4 |  4.4
Stealth        | 1 |  1.7
Spellcasting   | 1 |  1.6
Necromancy     | |  0.4
Alchemy        | |  0.6
Evocations     | |  0.8

Action                     |  1- 3 |  4- 6 |  7- 9 || total
---------------------------+-------+-------+-------++-------
  Melee: Spear             |    56 |    91 |       ||   147
         Hand axe          |    48 |    64 |    55 ||   167
         Trident           |       |    13 |    59 ||    72
    Use: Scroll            |       |     4 |     3 ||     7
         Potion            |       |     3 |     2 ||     5
   Stab: Sleeping          |     3 |     2 |       ||     5
         Distracted        |     1 |       |       ||     1
         Paralysed         |       |       |     1 ||     1
 Armour: Leather armour    |    25 |    17 |       ||    42
         Chain mail        |       |    22 |    50 ||    72
  Dodge: Dodged            |    22 |    29 |    22 ||    73

Table legend: (Time is in decaauts)
 A = Elapsed time spent in this place.
 B = Non-inter-level travel time spent in this place.
 C = Inter-level travel time spent in this place.
 D = Time resting spent in this place.
 E = Time spent auto-exploring this place.
 F = Levels seen in this place.
 G = Mean time per level.
                   A        B        C        D        E       F      G
               +--------+--------+--------+--------+--------+-----+--------+
         Total |   2639 |   2524 |    115 |      0 |   1946 |   5 |  527.8 |
       Dungeon |   2639 |   2524 |    115 |      0 |   1946 |   5 |  527.8 |
               +--------+--------+--------+--------+--------+-----+--------+

Top non-repeatable levels by time:
     D:1: 737 daAuts
     D:2: 630 daAuts
     D:3: 591 daAuts
     D:4: 461 daAuts
     D:5: 218 daAuts
